 Dungeon Crawl Stone Soup version 0.31-a0-7-g51783674b7 (webtiles) character file.

Game seed: 9139280052883444752

2 BobG the Conjurer (level 1, -1/12 HPs)
             Began as a Tengu Reaver on May 5, 2023.
             Slain by a ball python (2 damage)
             ... on level 1 of the Dungeon.
             The game lasted 00:01:24 (87 turns).

BobG the Conjurer (Tengu Reaver)                      Turns: 87, Time: 00:01:24

Health: -1/12      AC:  3    Str: 12    XL:     1   Next: 30%
Magic:  4/4        EV: 12    Int: 13    God:
Gold:   8          SH:  0    Dex: 12    Spells: 3/4 levels left

rFire   . . .        a - +0 falchion
rCold   . . .        (no shield)
rNeg    . . .        b - +0 leather armour
rPois   .            (helmet restricted)
rElec   .            (no cloak)
rCorr   .            (no gloves)
SInv    .            (boots unavailable)
Will    .....        (no amulet)
Stlth   +            (no ring)
HPRegen 0.22/turn    (no ring)
MPRegen 0.09/turn

%: no passive effects
@: no status effects
A: beak, talons 3
a: no special abilities


You were on level 1 of the Dungeon.
You visited 1 branch of the dungeon, and saw 1 of its levels.

You collected 8 gold pieces.

Inventory:

Hand Weapons
 a - a +0 falchion (weapon)
Armour
 b - a +0 leather armour (worn)


   Skills:
 + Level 2.0 Fighting
 + Level 3.2 Long Blades
 + Level 2.3 Dodging
 + Level 2.0 Spellcasting
 + Level 4.0 Conjurations


You had 3 spell levels left.
You knew the following spells:

 Your Spells              Type           Power      Damage    Failure   Level
a - Kiss of Death         Conj/Necr      24%        2d7       14%         1

Your spell library contained the following spells:

 Spells                   Type           Power      Damage    Failure   Level
 Momentum Strike          Conj/Tloc      12%        3d8       22%         2
 Hailstorm                Conj/Ice       6%         3d4       38%         3


Dungeon Overview and Level Annotations

Branches:
Dungeon (1/15)

Altars:


Innate Abilities, Weirdness & Mutations

You have a beak for a mouth.
You have claws for feet.


Message History

A goblin comes into view. It is wielding a +0 dagger.
A hobgoblin comes into view.
The goblin shouts!
The hobgoblin shouts!
The bat misses you.
A hobgoblin comes into view.
The hobgoblin shouts!
The bat hits you. The bat closely misses you.
The ball python barely misses you. The ball python closely misses you.
The ball python bites you. The ball python misses you.
The kobold attacks as you move away! The kobold barely misses you.
The hobgoblin closely misses you. The kobold attacks as you move away!
The kobold hits you but does no damage. The bat hits you.
The ball python barely misses you. x2
The hobgoblin barely misses you. The goblin barely misses you.
The hobgoblin hits you. The kobold closely misses you.
The goblin hits you but does no damage.
You hit the hobgoblin.
The hobgoblin is moderately wounded.
The bat hits you but does no damage. The hobgoblin hits you.
* * * LOW HITPOINT WARNING * * *
The hobgoblin misses you. The kobold closely misses you.
The goblin hits you with a +0 dagger.
* * * LOW HITPOINT WARNING * * *
The ball python bites you but does no damage.
The ball python closely misses you. The kobold attacks as you move away!
The kobold closely misses you. The hobgoblin barely misses you.
The hobgoblin hits you but does no damage.
The bat misses you. The hobgoblin hits you.
* * * LOW HITPOINT WARNING * * *
The goblin hits you with a +0 dagger.
* * * LOW HITPOINT WARNING * * *
The bat hits you but does no damage. The hobgoblin closely misses you.
The bat misses you.
The ball python bites you but does no damage.
The ball python barely misses you. The hobgoblin attacks as you move away!
The hobgoblin misses you. The bat hits you but does no damage.
The ball python bites you.
You die...

#..........# ####
#..........# ...#
##........## ...#
###..........#
...######............#
>.........#..........#
...###..###....gK....#
...# ##........Sgg...###
...#. ..........@......#
.....######.#..b.......#
##..## #...##.......#
#.... ..##....?.....#
..##.. #. ## #.......#
... ..# ........# ..# .#
#.......# #.......#


You could see 2 hobgoblins, a goblin, a bat, a ball python and a kobold.

Vanquished Creatures
  A kobold (D:1)
  A bat (D:1)
2 creatures vanquished.

Notes
Turn   | Place    | Note
-------+----------+-------------------------------------------
     0 | D:1      | BobG the Tengu Reaver began the quest for the Orb.
     0 | D:1      | Reached XP level 1. HP: 12/12 MP: 4/4
    87 | D:1      | Slain by a ball python

Illustrated notes

Levels and vault maps discovered:
D:1:      psy_arrival_statuary, layout_rooms

Action                     || total
---------------------------++-------
  Melee: Falchion          ||    10
         Kick              ||     2
         Peck              ||     1
 Armour: Leather armour    ||    13
  Dodge: Dodged            ||    31

Table legend: (Time is in decaauts)
 A = Elapsed time spent in this place.
 B = Non-inter-level travel time spent in this place.
 C = Inter-level travel time spent in this place.
 D = Time resting spent in this place.
 E = Time spent auto-exploring this place.
 F = Levels seen in this place.
 G = Mean time per level.
                   A        B        C        D        E       F      G
               +--------+--------+--------+--------+--------+-----+--------+
         Total |     88 |     88 |      0 |      0 |      0 |   1 |   88.0 |
       Dungeon |     88 |     88 |      0 |      0 |      0 |   1 |   88.0 |
               +--------+--------+--------+--------+--------+-----+--------+

Top non-repeatable levels by time:
     D:1: 88 daAuts
